 Dungeon Crawl Stone Soup version 0.31-a0-188-g5e087ee2ca (webtiles) character file.

Game seed: 7962782220354944799

932 Hubris850 the Insei (level 8, -1/56 HPs)
             Began as a Djinni Transmuter on June 23, 2023.
             Was an Initiate of Elyvilon.
             Slain by an orc
             ... wielding a +0 mace
              (5 damage)
             ... on level 5 of the Dungeon.
             The game lasted 00:13:23 (4366 turns).

Hubris850 the Insei (Djinni Transmuter)             Turns: 4366, Time: 00:13:24

Health: -1/56      AC:  3    Str:  9    XL:     8   Next: 33%
Gold:   214        EV: 13    Int: 18    God:    Elyvilon [......] SH:  0 Dex: 13

rFire   + + .        t - +2 short sword (venom)
rCold   x . .        (no shield)
rNeg    . . .        a - +0 robe
rPois   ∞            s - melded +0 helmet
rElec   .            (no cloak)
rCorr   .            e - +0 pair of gloves
SInv    .            (boots unavailable)
Will    +....        (no amulet)
Stlth   +            m - ring of willpower
HPRegen 0.29/turn    (no ring)
MPRegen 0.00/turn

%: infuse magic (-2 HP)
@: appendages, wereblooded (expiring), flying
A: horns 2, flying, sickness immunity, fire resistance 2, cold vulnerability 1,
float, innate caster, HP casting, extra vitality 1
a: End Transformation, Renounce Religion


You were on level 5 of the Dungeon.
You worshipped Elyvilon.
Elyvilon was noncommittal.
You had temporarily grown beastly horns.
You visited 1 branch of the dungeon, and saw 5 of its levels.
You also visited: Sewer.

You collected 214 gold pieces.

Inventory:

Hand Weapons
 g - a +0 short sword of speed
 q - a +3 dagger
 t - a +2 short sword of venom (weapon)
Missiles
 p - 10 poisoned darts
Armour
 a - a +0 robe (worn)
 e - a +0 pair of gloves (worn)
 s - a +0 helmet (melded)
Magical Staves
 l - a staff of earth
Jewellery
 m - a ring of willpower (left hand)
Scrolls
 b - 2 scrolls of enchant weapon {unknown}
 d - 3 scrolls of teleportation {unknown}
 f - a scroll of poison {unknown}
 h - a scroll of blinking {unknown}
 i - 2 scrolls of fear {unknown}
 k - 2 scrolls of amnesia {unknown}
 o - 2 scrolls of identify {unknown}
 r - 3 scrolls of revelation {unknown}
Potions
 c - 2 potions of degeneration
 j - 2 potions of might
 n - 3 potions of curing {unknown}
 u - 2 potions of heal wounds
 v - 2 potions of enlightenment


   Skills:
 - Level 3.0 Fighting
 - Level 3.5 Dodging
 + Level 6.4 Unarmed Combat
 + Level 4.7 Spellcasting
 + Level 4.7 Conjurations
 + Level 4.7 Hexes
   Level 0.0 Charms
 + Level 4.7 Summonings
 + Level 4.7 Necromancy
 + Level 4.7 Translocations
 + Level 4.7 Transmutations
 + Level 4.7 Fire Magic
 + Level 4.7 Ice Magic
 + Level 4.7 Air Magic
 + Level 4.7 Earth Magic
 + Level 4.7 Poison Magic
 + Level 0.6 Invocations


You knew the following spells:

 Your Spells              Type           Power      Damage    Failure   Level
a - Beastly Appendage     Tmut           42%        N/A       1%          1
b - Wereblood             Tmut           21%        N/A       3%          2
c - Spider Form           Tmut/Pois      21%        N/A       6%          3
d - Ice Form              Ice/Tmut       21%        N/A       21%         4
e - Shock                 Conj/Air       84%        1d8       1%          1
f - Poisonous Vapours     Pois/Air       42%        N/A       3%          2
g - Scorch                Fire           42%        2d6       3%          2
Your spell library was empty.

Dungeon Overview and Level Annotations

Branches:
Dungeon (5/15)              Sewer (visited)
 Temple: D:4-7

Altars:


Innate Abilities, Weirdness & Mutations

You have temporarily grown beastly horns.
You are flying.
You are immune to sickness and miasma.
You are immune to poison.
Your flesh is very heat resistant. (rF++)
You are vulnerable to cold. (rC-)
You float through the air rather than walking.
You learn spells naturally, not from books.
Your magical power is your life essence.
You have superior vitality. (+4 MHP)


Message History

You hear a shout!
An ufetubus comes into view.
The orc priest hits you with a +0 dagger.
The orc misses you. The orc closely misses you.
You puncture the orc!
You feel a bit better.
You kill the orc!
The orc priest calls down the wrath of Beogh upon you.
Pain shoots through your body!
* * * LOW HITPOINT WARNING * * *
The orc hits you but does no damage.
Unknown command.
You barely miss the orc priest. Your headbutt misses the orc priest.
The orc priest is heavily wounded.
The orc priest hits you with a +0 dagger.
* * * LOW HITPOINT WARNING * * *
The orc hits you with a +0 mace.
* * * LOW HITPOINT WARNING * * *
You closely miss the orc priest.
The orc priest is heavily wounded.
The orc priest barely misses you. The orc closely misses you.
You puncture the orc priest!
You feel a bit better.
You kill the orc priest!
Your primal bloodlust is almost over.
The ufetubus hits you.
* * * LOW HITPOINT WARNING * * *
The ufetubus barely misses you. The orc completely misses you.
The ufetubus hits you.
* * * LOW HITPOINT WARNING * * *
The ufetubus barely misses you.
You hit the orc.
The orc is poisoned.
The orc is lightly wounded.
The orc closely misses you. The ufetubus hits you.
* * * LOW HITPOINT WARNING * * *
The ufetubus barely misses you.
You barely miss the orc.
The orc is lightly wounded.
The ufetubus hits you.
* * * LOW HITPOINT WARNING * * *
The ufetubus closely misses you. The orc hits you with a +0 mace.
You die...

#.# #.....# #.# #.#.#..
#.# #.#.### #.# #.#.##
#.### #....## ####
#...#####..#. ##...#
##............
#$...)####.....####....
#....)@................
#....o.5.............†.
#..#####...........>...
#. #......######.#.
#......# ####.#)
#...##.# #...... #....
...#...... .....#
#.#...... #......


You could see an orc (very poisoned) and an ufetubus.

Vanquished Creatures
  A sky beast (D:4)
  2 ogres (D:4)
  A phantom (D:2)
  A kobold brigand (Sewer)
  A scorpion (D:4)
  4 orc priests
  Terence (D:3)
  2 iguanas
  4 orc wizards
  8 adders
  A river rat (D:5)
  A dart slug (D:1)
  12 orcs
  2 bats
  8 endoplasms
  4 giant cockroaches
  11 goblins
  6 hobgoblins
  3 jackals (Sewer)
  8 kobolds
  3 quokkas
  8 ball pythons
  3 frilled lizards
  8 rats
103 creatures vanquished.

Notes
Turn   | Place    | Note
-------+----------+-------------------------------------------
     0 | D:1      | Hubris850 the Djinni Transmuter began the quest for the
                  | Orb.
     0 | D:1      | Hubris850 set off with the following spells memorised:
                  | Beastly Appendage, Wereblood, Spider Form, Ice Form.
     0 | D:1      | Reached XP level 1. HP: 17/17 MP: 0/0
   122 | D:1      | Reached XP level 2. HP: 20/22 MP: 0/0
   638 | D:2      | Reached XP level 3. HP: 20/27 MP: 0/0
   638 | D:2      | Learned a level 1 spell: Shock
  1183 | D:3      | Noticed a phantom
  1234 | D:2      | Killed a phantom
  1235 | D:2      | Reached XP level 4. HP: 9/33 MP: 0/0
  1235 | D:2      | Reached XP level 5. HP: 11/38 MP: 0/0
  1235 | D:2      | Learned a level 2 spell: Poisonous Vapours
  1675 | D:3      | Noticed Terence
  1686 | D:3      | Killed Terence
  1687 | D:3      | Reached skill level 4 in Unarmed Combat
  1694 | D:3      | Reached XP level 6. HP: 45/45 MP: 0/0
  2260 | D:4      | Noticed a sky beast
  2275 | D:4      | Killed a sky beast
  2276 | D:4      | Reached XP level 7. HP: 38/50 MP: 0/0
  2276 | D:4      | Learned a level 2 spell: Scorch
  2462 | D:4      | Reached skill level 5 in Unarmed Combat
  3187 | D:4      | Reached XP level 8. HP: 25/56 MP: 0/0
  3391 | D:4      | Reached skill level 6 in Unarmed Combat
  3671 | D:5      | Entered Level 5 of the Dungeon
  3935 | D:5      | Found a glowing drain.
  3942 | Sewer    | Entered a sewer
  4101 | Sewer    | Found a white marble altar of Elyvilon.
  4234 | Sewer    | Became a worshipper of Elyvilon the Healer
  4366 | D:5      | Slain by an orc

Illustrated notes

Levels and vault maps discovered:
D:1:      scummos_arrival_simple_fountains, layout_rooms
D:2:      layout_basic, guppyfry_early_lair_pool
D:3:      layout_basic, uniq_terence
D:4:      layout_gridville
D:5:      layout_loops_ring, mainiacjoe_overflow_brackets,
          gup_sewer_entry_bubbles, hellmonk_bongcloud_opening,
          minmay_misc_feat_encased

Skill      XL: |  1  2  3  4  5  6  7  8 |
---------------+-------------------------+-----
Fighting       | 2 3 |  3.0
Dodging        | 3 |  3.5
Unarmed Combat | 4 5 6 |  6.4
Spellcasting   | 3 4 |  4.7
Conjurations   | 3 4 |  4.7
Hexes          | 3 4 |  4.7
Summonings     | 3 4 |  4.7
Necromancy     | 3 4 |  4.7
Translocations | 3 4 |  4.7
Transmutations | 3 4 |  4.7
Fire Magic     | 3 4 |  4.7
Ice Magic      | 3 4 |  4.7
Air Magic      | 3 4 |  4.7
Earth Magic    | 3 4 |  4.7
Poison Magic   | 3 4 |  4.7
Invocations    | |  0.6

Action                     |  1- 3 |  4- 6 |  7- 9 || total
---------------------------+-------+-------+-------++-------
  Melee: Unarmed           |    27 |     3 |    21 ||    51
         Headbutt          |     3 |     6 |    22 ||    31
         Short sword       |    83 |    62 |   207 ||   352
         Punch             |     2 |     2 |    10 ||    14
   Cast: Beastly Appendage |     9 |     6 |    12 ||    27
         Shock             |    18 |     5 |       ||    23
         Poisonous Vapours |       |     7 |    10 ||    17
         Wereblood         |       |     1 |     8 ||     9
         Ice Form          |       |     1 |     1 ||     2
         Spider Form       |       |       |     2 ||     2
         Scorch            |       |       |     1 ||     1
    Use: Potion            |     1 |     2 |       ||     3
   Stab: Sleeping          |     1 |       |       ||     1
 Armour: Robe              |    11 |     6 |    26 ||    43
         Skin              |    23 |       |     1 ||    24
  Dodge: Dodged            |    38 |    26 |   107 ||   171

Table legend: (Time is in decaauts)
 A = Elapsed time spent in this place.
 B = Non-inter-level travel time spent in this place.
 C = Inter-level travel time spent in this place.
 D = Time resting spent in this place.
 E = Time spent auto-exploring this place.
 F = Levels seen in this place.
 G = Mean time per level.
                   A        B        C        D        E       F      G
               +--------+--------+--------+--------+--------+-----+--------+
         Total |   4250 |   4124 |    126 |    769 |   2475 |   6 |  708.3 |
       Dungeon |   3946 |   3820 |    126 |    757 |   2371 |   5 |  789.2 |
         Sewer |    303 |    303 |      0 |     12 |    104 |   1 |  303.0 |
               +--------+--------+--------+--------+--------+-----+--------+

Top non-repeatable levels by time:
     D:4: 1378 daAuts
     D:3: 896 daAuts
     D:2: 784 daAuts
     D:1: 535 daAuts
     D:5: 351 daAuts
   Sewer: 303 daAuts
